 Dungeon Crawl Stone Soup version 0.32-a0-120-gfac0567ad4 (webtiles) character file.

Game seed: 18341535091063598888

58 cforsyth the Magician (level 4, -3/35 HPs)
             Began as a Djinni Warper on Feb 7, 2024.
             Slain by Natasha (9 damage)
             ... on level 2 of the Dungeon.
             The game lasted 00:02:44 (1438 turns).

cforsyth the Magician (Djinni Warper)               Turns: 1438, Time: 00:02:45

Health: -3/35      AC:  3    Str: 10    XL:     4   Next: 20%
Gold:   104        EV:  6    Int: 17    God:
                   SH:  0    Dex: 12

rFire   + + .        a - +0 falchion
rCold   . . .        (no shield)
rNeg    . . .        b - +0 leather armour
rPois   ∞            (no helmet)
rElec   .            (no cloak)
rCorr   .            (no gloves)
SInv    .            (boots unavailable)
Will    .....        (no amulet)
Stlth   +            C - ring of protection from cold
HPRegen 0.25/turn    (no ring)
MPRegen 0.00/turn

%: infuse magic (-4 HP)
@: flying, held, slowed, very slow
A: sickness immunity, fire resistance 2, cold vulnerability 1, float, innate
caster, HP casting, extra vitality 1
a: no special abilities


You were on level 2 of the Dungeon.
You visited 1 branch of the dungeon, and saw 2 of its levels.

You collected 104 gold pieces.


Innate Abilities, Weirdness & Mutations

You are immune to sickness and miasma.
You are immune to poison.
Your flesh is very heat resistant. (rF++)
You are vulnerable to cold. (rC-)
You float through the air rather than walking.
You learn spells naturally, not from books.
Your magical power is your life essence.
You have superior vitality. (+4 MHP)


   Skills:
 + Level 3.2 Fighting
 - Level 1.7 Long Blades
 - Level 0.7 Throwing
 - Level 1.0 Armour
 - Level 2.1 Dodging
 + Level 3.5 Spellcasting
 + Level 3.5 Conjurations
 + Level 3.5 Hexes
 + Level 3.5 Summonings
 + Level 3.5 Necromancy
 + Level 3.5 Translocations
 + Level 3.5 Fire Magic
 + Level 3.5 Ice Magic
 + Level 3.5 Air Magic
 + Level 3.5 Earth Magic
 + Level 3.5 Alchemy


You knew the following spells:

 Your Spells              Type           Power      Damage    Failure   Level
l - Lesser Beckoning      Tloc           28%        N/A       9%          2
m - Manifold Assault      Tloc           14%        N/A       47%         4
t - Teleport Other        Tloc           14%        N/A       16%         3
z - Summon Small Mammal   Summ           56%        N/A       5%          1
B - Blink                 Tloc           28%        N/A       9%          2
X - Vhi's Electric Charg  Tloc/Air       28%        N/A       47%         4
Your spell library was empty.

Inventory:

Hand Weapons
 a - a +0 falchion (weapon)
Missiles
 d - 4 darts of dispersal (quivered) {=f=f}
Armour
 b - a +0 leather armour (worn)
Magical Staves
 l - a staff of conjuration {!a!a}
Jewellery
 C - a ring of protection from cold (left hand)
Wands
 o - a wand of mindburst (6)
Scrolls
 c - a scroll of blinking
 g - 2 scrolls of identify {unknown}
 h - a scroll of brand weapon {unknown}
 i - a scroll of enchant weapon {unknown}
 j - a scroll of fear {unknown}
 k - a scroll of revelation {unknown}
 m - a scroll of immolation {unknown}
 n - a scroll of teleportation {unknown}
Potions
 e - a potion of heal wounds {unknown}
 f - a potion of magic {unknown}
 p - a potion of degeneration {unknown}

Dungeon Overview and Level Annotations

Branches:
Dungeon (2/15)

Altars:

Annotations:
D:2 Natasha

..# #.# ?.#. #.# ##.###
..#.## #.# #....#
......##.# #....# ####
.......#.# #.)..# #...
##..^..#.# ##.### #...
.......#.######.# #...
##....5#........#####...
......h@................
##..#.w#.........####.##
#.##.#.....#.####.# ...
#.#######.##...#
....##.#### #.##...#
###. ......####.##...#
#.# #......##......#
...#..............#
#................#


You could see a ribbon worm (catching breath), Natasha and a cerulean imp
(summoned).


Message History

The cerulean imp hits you with a +2 spear.
The ribbon worm expels a string of sticky webbing.
The stream of webbing hits you but does no damage.
You are caught in a web!
Unknown command.
Unknown command.
You struggle to detach yourself from the web.
Natasha wildly gestures.
Natasha's front paws start to glow.
Natasha claws you.
The cerulean imp hits you with a +2 spear.
The ribbon worm bites you but does no damage.
Natasha claws you.
The cerulean imp hits you with a +2 spear.
* * * LOW HITPOINT WARNING * * *
Unknown command.
You struggle to detach yourself from the web.
Natasha claws you.
* * * LOW HITPOINT WARNING * * *
The ribbon worm bites you.
* * * LOW HITPOINT WARNING * * *
The cerulean imp barely misses you.
The web tears apart.
Natasha barely misses you.
The cerulean imp hits you with a +2 spear.
* * * LOW HITPOINT WARNING * * *
The ribbon worm expels a string of sticky webbing.
The stream of webbing hits you but does no damage.
You are caught in a web!
Natasha claws you!
You die...
Natasha begins licking her fur clean.

Skill      XL: |  1  2  3 |
---------------+----------+-----
Spellcasting   | 3 |  3.5
Conjurations   | 3 |  3.5
Hexes          | 3 |  3.5
Summonings     | 3 |  3.5
Necromancy     | 3 |  3.5
Translocations | 3 |  3.5
Fire Magic     | 3 |  3.5
Ice Magic      | 3 |  3.5
Air Magic      | 3 |  3.5
Earth Magic    | 3 |  3.5
Alchemy        | 3 |  3.5
Fighting       | 3 |  3.2
Long Blades    | |  1.7
Throwing       | |  0.7
Armour         | |  1.0
Dodging        | |  2.1

Action                     |  1- 3 |  4- 6 || total
---------------------------+-------+-------++-------
  Melee: Falchion          |   113 |    16 ||   129
         Punch             |     3 |       ||     3
  Throw: Dart              |     2 |     1 ||     3
 Armour: Leather armour    |    88 |    25 ||   113
  Dodge: Dodged            |    85 |    16 ||   101

Levels and vault maps discovered:
D:1:      mainiacjoe_arrival_reflecting_pool, layout_basic,
          nicolae_ecumenical_snake_handling, kennysheep_decorative_pillar,
          minmay_vboxes
D:2:      kennysheep_the_goblin_king, layout_basic, uniq_natasha

Notes
Turn   | Place    | Note
-------+----------+-------------------------------------------
     0 | D:1      | cforsyth the Djinni Warper began the quest for the Orb.
     0 | D:1      | cforsyth set off with the following spells memorised:
                  | Blink, Lesser Beckoning, Teleport Other, Manifold Assault,
                  | Vhi's Electric Charge.
     0 | D:1      | Reached XP level 1. HP: 18/18 MP: 0/0
    57 | D:1      | Reached skill level 3 in Spellcasting
    57 | D:1      | Reached skill level 3 in Conjurations
    57 | D:1      | Reached skill level 3 in Hexes
    57 | D:1      | Reached skill level 3 in Summonings
    57 | D:1      | Reached skill level 3 in Necromancy
    57 | D:1      | Reached skill level 3 in Translocations
    57 | D:1      | Reached skill level 3 in Fire Magic
    57 | D:1      | Reached skill level 3 in Ice Magic
    57 | D:1      | Reached skill level 3 in Air Magic
    57 | D:1      | Reached skill level 3 in Earth Magic
    57 | D:1      | Reached skill level 3 in Alchemy
   200 | D:1      | Reached XP level 2. HP: 13/23 MP: 0/0
   249 | D:1      | Reached XP level 3. HP: 12/29 MP: 0/0
   249 | D:1      | Learned a level 1 spell: Summon Small Mammal
   412 | D:1      | Found a faded altar of an unknown god.
   551 | D:1      | Reached skill level 3 in Fighting
  1209 | D:2      | Reached XP level 4. HP: 23/35 MP: 0/0
  1426 | D:2      | Noticed Natasha
  1438 | D:2      | Slain by Natasha

Vanquished Creatures
  A gnoll (D:1)
  A ribbon worm (D:2)
  3 endoplasms (D:1)
  3 giant cockroaches (D:1)
  7 goblins (D:1)
  3 hobgoblins (D:1)
  7 kobolds
  3 quokkas (D:2)
  5 ball pythons (D:1)
  2 bats
  2 frilled lizards (D:1)
  6 rats
43 creatures vanquished.

Table legend: (Time is in decaauts)
 A = Elapsed time spent in this place.
 B = Non-inter-level travel time spent in this place.
 C = Inter-level travel time spent in this place.
 D = Time resting spent in this place.
 E = Time spent auto-exploring this place.
 F = Levels seen in this place.
 G = Mean time per level.
                   A        B        C        D        E       F      G
               +--------+--------+--------+--------+--------+-----+--------+
         Total |   1470 |   1423 |     47 |      5 |   1101 |   2 |  735.0 |
       Dungeon |   1470 |   1423 |     47 |      5 |   1101 |   2 |  735.0 |
               +--------+--------+--------+--------+--------+-----+--------+

Top non-repeatable levels by time:
     D:1: 1172 daAuts
     D:2: 298 daAuts

Table legend:
 A = Non-vault XP
 B = Vault XP
 C = Vault XP percentage of total XP
 D = Non-vault monster count
 E = Vault monster count
 F = Vault count percentage of total count
                 A         B        C        D         E       F
            +---------+---------+-------+---------+---------+-------
      Total |      73 |      10 |  12.0 |      36 |       7 |  16.3
            +---------+---------+-------+---------+---------+-------
        D:1 |      56 |      10 |  15.2 |      27 |       7 |  20.6
        D:2 |      17 |       0 |   0.0 |       9 |       0 |   0.0
            +---------+---------+-------+---------+---------+-------
